 Dungeon Crawl Stone Soup version 0.29.0-5-ge4962eb29e (webtiles) character file.

Game seed: 6961886261881389118

52 xian the Shooter (level 3, 0/22 HPs)
             Began as a Tengu Hunter on Aug 30, 2022.
             Was a Follower of Vehumet.
             Succumbed to a kobold's poison
             ... on level 2 of the Dungeon.
             The game lasted 00:02:48 (1790 turns).

xian the Shooter (Tengu Hunter)                     Turns: 1790, Time: 00:02:49

Health: 0/22       AC:  4    Str: 13    XL:     3   Next: 85%
Magic:  13/13      EV: 12    Int:  9    God:    Vehumet [*.....]
Gold:   65         SH:  0    Dex: 17    Spells: 2/2 levels left

rFire   + + .      SeeInvis .   a - +0 shortbow
rCold   + + .      Faith    .   (shield currently unavailable)
rNeg    . . .      Spirit   .   m - +1 robe {rC+ rF+}
rPois   +          Reflect  .   (helmet restricted)
rElec   +          Harm     .   (no cloak)
rCorr   +          Rampage  .   h - +0 pair of gloves
Will    .....                   (boots unavailable)
Stlth   ++........              (no amulet)
HPRegen 0.07/turn               j - ring of magical power
MPRegen 0.13/turn               (no ring)

@: lethally poisoned (0 -> -23), resistant, slowed, very slow
A: beak, talons 3
a: Renounce Religion


You were on level 2 of the Dungeon.
You worshipped Vehumet.
Vehumet was aware of your devotion.
You visited 1 branch of the dungeon, and saw 2 of its levels.

You collected 65 gold pieces.

Inventory:

Hand Weapons
 a - a +0 shortbow (weapon)
 l - a +0 bardiche
Missiles
 d - 5 silver javelins
 n - 2 poisoned darts
Armour
 h - a +0 pair of gloves (worn)
 m - a +1 robe of resistance (worn)
Jewellery
 j - a ring of magical power (left hand)
Scrolls
 b - a scroll of immolation
 e - a scroll of fear {unknown}
 k - 2 scrolls of identify {unknown}
Potions
 c - a potion of curing {unknown}
 f - a potion of resistance
 g - a potion of heal wounds {unknown}
 i - a potion of lignification {unknown}


   Skills:
 + Level 2.6 Fighting
 + Level 5.5 Ranged Weapons
 + Level 2.2 Dodging
 + Level 1.0 Stealth
 * Level 0.2 Spellcasting


You had 2 spell levels left.
You didn't know any spells.
Your spell library was empty.

Dungeon Overview and Level Annotations

Branches:
Dungeon (2/15)

Altars:
Vehumet

Annotations:
D:1 2 transporters
D:2 Natasha


Innate Abilities, Weirdness & Mutations

You have a beak for a mouth.
You have claws for feet.


Message History

Natasha hisses angrily.
Natasha casts a spell at you. The magic dart hits you.
An endoplasm comes into view.
You shoot an arrow. The arrow barely misses Natasha.
The endoplasm quivers.
Natasha stares at you and mumbles some strange words.
You feel yourself slow down.
You shoot an arrow. The arrow hits Natasha.
Natasha is lightly wounded.
A bat comes into view.
The bat hits you but does no damage. The bat completely misses you.
Natasha mumbles some strange words.
Natasha shimmers violently.
You shoot an arrow. The arrow closely misses the bat.
The bat hits you but does no damage. The bat closely misses you.
Natasha casts a spell at you. You resist with significant effort.
You shoot an arrow. The arrow hits the bat!
You kill the bat!
Vehumet accepts your kill.
A kobold comes into view. It is wielding a +1 dagger of venom.
You shoot an arrow. The arrow hits the kobold.
The kobold is moderately wounded.
The kobold hits you but does no damage.
You are poisoned.
Natasha casts a spell.
The kobold hits you but does no damage.
You are lethally poisoned!
The kobold attacks as you move away!
The kobold hits you with a +1 dagger of venom.
You are more poisoned.
* * * LOW HITPOINT WARNING * * *
You feel extremely sick.
Natasha howls an incantation.
You feel disoriented. The kobold barely misses you.
It was a potion of resistance.
You feel protected.
You die...

. ...
####################.....
................@Kh?.#
###....############5##
.....#....... #
#....#..##### ........###
.....##...# .....####.#
#####.....####
#####.#......# .#


You could see Natasha, a white imp (summoned) and a kobold.

Vanquished Creatures
  2 gnolls (D:1)
  A dart slug (D:1)
  2 endoplasms (D:1)
  A giant cockroach (D:1)
  A goblin (D:1)
  4 hobgoblins (D:1)
  4 jackals (D:2)
  A quokka (D:1)
  4 ball pythons
  3 bats
  4 kobolds (D:1)
  3 rats (D:1)
30 creatures vanquished.

Notes
Turn   | Place    | Note
-------+----------+-------------------------------------------
     0 | D:1      | xian the Tengu Hunter began the quest for the Orb.
     0 | D:1      | Reached XP level 1. HP: 12/12 MP: 2/2
   151 | D:1      | Reached XP level 2. HP: 17/17 MP: 3/3
   392 | D:1      | Reached skill level 5 in Ranged Weapons
   434 | D:1      | Reached XP level 3. HP: 20/21 MP: 4/4
   611 | D:1      | Found a faded altar of an unknown god.
   624 | D:1      | Prayed at the altar of an unknown god.
   624 | D:1      | Became a worshipper of Vehumet
   624 | D:1      | Reached * piety under Vehumet
   624 | D:1      | Offered knowledge of Magic Dart by Vehumet.
  1783 | D:2      | Noticed Natasha
  1790 | D:2      | Succumbed to a kobold's poison

Illustrated notes

Levels and vault maps discovered:
D:1:      spicycebolla_arrival_transporter_tutorial, layout_basic,
          hellmonk_ecumenical_altar_crossroads, nrook_campfire,
          grunt_decor_mini_mirrors
D:2:      layout_basic, minmay_box_of_dots, uniq_natasha

Skill      XL: |  1  2 |
---------------+-------+-----
Ranged Weapons | 5 |  5.5
Fighting       | |  2.6
Dodging        | |  2.2
Stealth        | |  1.0
Spellcasting   | |  0.2

Action                   || total
-------------------------++-------
 Fire: Shortbow          ||    76
  Use: Potion            ||     1
Armor: Leather armour    ||    10
       Robe              ||     6
Dodge: Dodged            ||    22
